 Dungeon Crawl Stone Soup version 0.28-a0-687-gb91baff9cc (webtiles) character file.

Game seed: 5375803005826714788

3483 kae the Martial Artist (level 10, -6/94 (105) HPs)
             Began as a Naga Transmuter on Oct 19, 2021.
             Was an Elder of Uskayaw.
             Mangled by a wight (11 damage)
             ... on level 8 of the Dungeon.
             The game lasted 00:11:22 (12445 turns).

kae the Martial Artist (Naga Transmuter)           Turns: 12445, Time: 00:11:23

HP:   -6/94 (105)   AC:  7    Str: 12    XL:     10   Next: 7%
MP:   4/16          EV: 10    Int: 16    God:    Uskayaw [****..]
Gold: 328           SH:  0    Dex: 13    Spells: 9/17 levels left

rFire   x . .      SeeInvis +     - Unarmed
rCold   + + +      Faith    .   (shield currently unavailable)
rNeg    . . .      Spirit   .   (armour currently unavailable)
rPois   +          Reflect  .   (helmet currently unavailable)
rElec   .          Harm     .   (cloak currently unavailable)
rCorr   .          Rampage  .   (gloves currently unavailable)
Will    +....                   (no barding)
Stlth   ++........              (no amulet)
HPRegen 0.25/turn               (no ring)
MPRegen 0.15/turn               (no ring)

@: ice-form, heavily drained
A: freezing attack, amphibious, boosted hp, AC +3, large, see invisible,
(deformed body), (poison resistance), (slowness 2), spit poison 1, (naga tail 1)
a: Spit Poison, End Transformation, Renounce Religion, Stomp, Line Pass


You were on level 8 of the Dungeon.
You worshipped Uskayaw.
Uskayaw was noncommittal.
You were a creature of crystalline ice.
You visited 2 branches of the dungeon, and saw 9 of its levels.

You collected 328 gold pieces.

Inventory:

Armour
 e - a +2 hat (melded)
 j - a +0 cloak (melded)
 m - +0 steam dragon scales (melded)
Scrolls
 c - 6 scrolls of teleportation
Potions
 a - a potion of mutation
 b - 3 potions of curing
 d - a potion of flight {unknown}
 g - a potion of lignification
 h - 3 potions of berserk rage
 i - 2 potions of heal wounds
 k - 2 potions of brilliance {unknown}


   Skills:
 + Level 5.2 Fighting
 + Level 3.0 Dodging
 - Level 3.3 Stealth
 * Level 8.3 Unarmed Combat
 + Level 4.1 Spellcasting
 + Level 5.7 Transmutations
 - Level 4.0 Ice Magic
 - Level 3.0 Poison Magic
 + Level 5.2 Invocations


You had 9 spell levels left.
You knew the following spells:

 Your Spells              Type           Power      Damage    Failure   Level
a - Beastly Appendage     Tmut           42%        N/A       1%          1
b - Spider Form           Tmut/Pois      8%         N/A       9%          3
c - Ice Form              Ice/Tmut       18%        N/A       22%         4

Your spell library contained the following spells:

 Spells                   Type           Power      Damage    Failure   Level
 Wereblood                Tmut           21%        N/A       2%          2
 Ozocubu's Armour         Ice            16%        N/A       10%         3
 Gell's Gravitas          Tloc           1%         N/A       45%         3
 Lesser Beckoning         Tloc           3%         N/A       45%         3
 Teleport Other           Tloc           3%         N/A       45%         3
 Ozocubu's Refrigeration  Ice            8%         4d6       100%        7


Dungeon Overview and Level Annotations

Branches:
Dungeon (8/15)             Temple (1/1) D:4
   Lair: D:8-11

Altars:
Ashenzari
Cheibriados
Dithmenos
Fedhas
Gozag
Hepliaklqana
Kikubaaqudgha
Makhleb
Nemelex Xobeh
Okawaru
Qazlal
Sif Muna
Trog
Uskayaw
Vehumet
Wu Jian
Xom
Yredelemnul
Zin
The Shining One
Jiyva

Shops:
D:1 [   D:5 =   D:6 :

Annotations:
D:4 1 runed translucent door
D:6 Maggie


Innate Abilities, Weirdness & Mutations

You are a creature of crystalline ice.
You have a powerful freezing melee attack.
You are amphibious.
Your maximum health is increased.
Your armour is entirely melded.
You are incapable of wielding weapons or throwing items.
((Your serpentine skin is tough. (AC +3)))
You have supernaturally acute eyesight. (SInv)
((Armour fits poorly on your strangely shaped body.))
((Your system is resistant to poisons. (rPois)))
((You cover ground very slowly.))
You can spit poison.
((You have a snake-like lower body.))


Message History

You completely miss the wight.
The wight is almost destroyed.
The wight hits you but does no damage. The wight closely misses you.
You hit the wight.
You destroy the wight!
The wight barely misses you.
Your Dodging skill increases to level 3!
You barely miss the wight.
The wight is lightly damaged.
A two-headed ogre comes into view. It is wielding two +0 giant clubs.
The wight closely misses you.
You barely miss the wight.
The wight is lightly damaged.
The wight barely misses you.
You punch the wight!
You destroy the wight!
You punch the wight!
The wight is severely damaged.
The wight closely misses you.
Uskayaw will force your foes to share their pain.
You hit the wight but do no damage.
The wight is severely damaged.
The wight misses you.
The wight hits you from afar with a +3 halberd!
* * * LOW HITPOINT WARNING * * *
You feel drained.
* * * LOW HITPOINT WARNING * * *
You punch the wight!
You destroy the wight!
The wight hits you from afar with a +3 halberd.
* * * LOW HITPOINT WARNING * * *
Things that are here:
a +0 great sword; a +0 robe The wight hits you from afar with a +3 halberd!
* * * LOW HITPOINT WARNING * * *
As you read the scroll of fear, it crumbles to dust.
You assume a fearsome visage.
The wight is unaffected.
The gnoll looks frightened!
The wight hits you from afar with a +3 halberd!
You die...

####..........#.#.#.#.#
...#..#####.#.........#.
.#....### #.#.#.#.#.#....
###.....###.#............
.#............#.#.#.#....
...#...####.#...........
####..#####.#.#.#.#.#.#
#........#.........#
##.##########Y#.####
##'## #.).# ##...## ###z#
### ##.....##
######)###./...
##.......# #......)....#
#.........# #....#)#g##.#
'.........+............
#.........###......#.##..
##.......## #.#.##.#.#
..#


You could see a wight and a gnoll (fast, fleeing).

Vanquished Creatures
  Sigmund (D:5)
  Menkaure (D:6)
  2 steam dragons
  An acid dragon (D:7)
  2 water moccasins
  An ice beast (D:7)
  An orc warrior (D:6)
  2 hornet zombies
  A necrophage (D:7)
  3 centaurs
  A phantom (D:6)
  A wyvern zombie (D:7)
  2 bullfrogs
  A scorpion (D:5)
  A water moccasin skeleton (D:6)
  7 wights
  5 howler monkeys
  2 centaur zombies
  A bullfrog zombie (D:5)
  A hound (D:7)
  4 jellies
  A bullfrog skeleton (D:4)
  2 centaur skeletons
  2 orc priests
  A gnoll shaman (D:8)
  Crazy Yiuf (D:7)
  8 iguanas
  A scorpion zombie (D:5)
  7 orc wizards
  2 killer bee zombies
  6 gnolls
  5 adders
  An ufetubus (D:4)
  An adder skeleton (D:4)
  2 worms
  4 dart slugs
  25 orcs
  9 endoplasms
  7 giant cockroaches
  9 goblins
  7 hobgoblins
  2 quokkas
  11 ball pythons
  6 bats
  5 frilled lizards
  A goblin zombie (D:4)
  A jackal skeleton (D:4)
  6 kobolds
  9 rats
183 creatures vanquished.

Vanquished Creatures (others)
  A human (D:7)
1 creature vanquished.

Grand Total: 184 creatures vanquished

Notes
Turn   | Place    | Note
-------+----------+-------------------------------------------
     0 | D:1      | kae the Naga Transmuter began the quest for the Orb.
     0 | D:1      | Reached XP level 1. HP: 18/18 MP: 3/3
   467 | D:1      | Reached XP level 2. HP: 4/25 MP: 5/5
  1111 | D:1      | Found Gibbaf's Antique Armour Emporium.
  1342 | D:1      | Reached XP level 3. HP: 30/31 MP: 6/6
  1346 | D:1      | Learned a level 3 spell: Spider Form
  1478 | D:1      | Found a faded altar of an unknown god.
  2410 | D:2      | Reached skill level 4 in Unarmed Combat
  2439 | D:2      | Reached XP level 4. HP: 32/39 MP: 5/7
  3586 | D:3      | Reached skill level 1 in Poison Magic
  3586 | D:3      | Reached XP level 5. HP: 13/45 MP: 4/8
  3882 | D:3      | Found a shimmering blue altar of Sif Muna.
  4775 | D:4      | Found a runed translucent door.
  4775 | D:4      | Noticed a human
  4781 | D:4      | Found a basalt altar of Yredelemnul.
  5438 | D:4      | Found a staircase to the Ecumenical Temple.
  5556 | D:4      | Reached XP level 6. HP: 43/55 MP: 9/9
  5584 | Temple   | Entered the Ecumenical Temple
  5761 | Temple   | Became a worshipper of Uskayaw the Reveller
  6056 | D:5      | Entered Level 5 of the Dungeon
  6056 | D:5      | Noticed Sigmund
  6062 | D:5      | Reached * piety under Uskayaw
  6064 | D:5      | Reached ** piety under Uskayaw
  6067 | D:5      | Killed Sigmund
  6068 | D:5      | Reached skill level 1 in Stealth
  6068 | D:5      | Reached skill level 5 in Unarmed Combat
  6068 | D:5      | Reached skill level 1 in Invocations
  6072 | D:4      | Reached *** piety under Uskayaw
  6302 | D:5      | Reached XP level 7. HP: 38/61 MP: 7/10
  6638 | D:5      | Reached **** piety under Uskayaw
  6650 | D:5      | Reached ***** piety under Uskayaw
  6965 | D:5      | Found a bloodstained altar of Trog.
  7137 | D:5      | Learned a level 4 spell: Ice Form
  7150 | D:5      | Found an iron altar of Okawaru.
  7185 | D:5      | Found Diun Zuwn's Jewellery Shoppe.
  7224 | D:5      | Found a shadowy altar of Dithmenos.
  7228 | D:5      | Found an opulent altar of Gozag.
  7233 | D:5      | Found a radiant altar of Vehumet.
  7370 | D:6      | Reached skill level 1 in Ice Magic
  7370 | D:6      | Reached XP level 8. HP: 64/69 MP: 5/11
  7597 | D:6      | Found Eloroith's Book Emporium.
  7768 | D:6      | Found a shimmering altar of Xom.
  7801 | D:6      | Noticed Menkaure
  7865 | D:6      | Killed Menkaure
  7944 | D:6      | Reached skill level 6 in Unarmed Combat
  8212 | D:6      | Found a stormy altar of Qazlal.
  8479 | D:6      | HP: 4/86 [steam dragon (2)]
  9250 | D:6      | Noticed Maggie
  9266 | D:6      | Found a glowing golden altar of the Shining One.
  9706 | D:7      | Reached XP level 9. HP: 65/76 MP: 10/13
  9922 | D:7      | Reached skill level 7 in Unarmed Combat
 10206 | D:7      | Found a runed translucent door.
 10207 | D:7      | Noticed Crazy Yiuf
 10331 | D:7      | Reached skill level 5 in Transmutations
 11551 | D:7      | Found an ancient bone altar of Kikubaaqudgha.
 11635 | D:7      | Killed Crazy Yiuf
 11749 | D:8      | Reached skill level 8 in Unarmed Combat
 11749 | D:8      | Reached skill level 5 in Invocations
 12089 | D:8      | Reached skill level 5 in Fighting
 12408 | D:8      | Reached XP level 10. HP: 88/88 MP: 14/16
 12437 | D:8      | Noticed a two-headed ogre
 12444 | D:8      | HP: 4/94 [wight (15)]
 12445 | D:8      | Mangled by a wight

Illustrated notes

Levels and vault maps discovered:
D:1:      lightli_arrival_flooded_house, layout_loops_cross, serial_shops, shop,
          shapermc_ecumenical_altar_ellora
D:2:      layout_rooms, columned_hall_lemuel, grunt_decor_junction,
          minmay_pentomino_z4
D:3:      layout_rooms, led_sif_pool, gup_sewer_entry_spiral
D:4:      layout_basic, dk_yredelemnul_ordeal, minmay_temple_entry_slanted,
          hangedman_abyss_or_decor_stagger, chequers_decorated_corner,
          minivault_26, minmay_hedge_maze, st_stairs_14, lemuel_old_faithful
D:5:      layout_rooms, trog_book, okawaru_metal_pillars_3,
          grunt_temple_overflow_diamond, serial_shops, nicolae_lakefront_shop,
          uniq_sigmund
D:6:      layout_rooms, nicolae_qazlal_general_emergency, dk_xom_monty_hall,
          tso_altar, serial_shops, nicolae_square_shop, uniq_menkaure,
          uniq_maggie
D:7:      layout_gridville, tgw_kikubaaqudgha, grunt_potential,
          uniq_crazy_yiuf_cottage
D:8:      layout_loops_corners, serial_glass, glass_columns_c, glass_columns_c,
          minmay_misc_feat_roman
Temple:   pf_slime_end_temple

Skill      XL: |  1  2  3  4  5  6  7  8  9 10 |
---------------+-------------------------------+-----
Unarmed Combat | 4 5 6 8 |  8.3
Fighting       | 2 3 4 5 |  5.2
Transmutations | 3 4 5 |  5.7
Poison Magic   | 1 2 3 |  3.0
Stealth        | 1 3 |  3.3
Invocations    | 2 3 5 |  5.2
Ice Magic      | 1 4 |  4.0
Spellcasting   | 4 |  4.1
Dodging        | 2 3 |  3.0

Action                   |  1- 3 |  4- 6 |  7- 9 | 10-12 || total
-------------------------+-------+-------+-------+-------++-------
Melee: Unarmed           |    95 |   170 |   271 |    23 ||   559
       Headbutt          |     7 |    20 |       |       ||    27
       Punch             |     1 |     4 |       |       ||     5
 Cast: Beastly Appendage |    18 |    29 |       |       ||    47
       Spider Form       |       |     7 |    18 |       ||    25
       Ice Form          |       |       |    23 |     1 ||    24
Invok: Stomp             |       |       |       |     1 ||     1
 Abil: Spit Poison       |    28 |    14 |     7 |       ||    49
  Use: Scroll            |       |     7 |     8 |     1 ||    16
       Potion            |       |       |       |     1 ||     1
 Stab: Paralysed         |       |     1 |     5 |     2 ||     8
       Sleeping          |       |       |     1 |       ||     1
Armor: Robe              |    30 |    48 |     6 |       ||    84
       Skin              |       |     9 |    59 |     4 ||    72
       Steam dragon scal |       |       |     4 |     4 ||     8
Dodge: Dodged            |    57 |   139 |   187 |    20 ||   403

Table legend: (Time is in decaauts)
 A = Elapsed time spent in this place.
 B = Non-inter-level travel time spent in this place.
 C = Inter-level travel time spent in this place.
 D = Time resting spent in this place.
 E = Time spent auto-exploring this place.
 F = Levels seen in this place.
 G = Mean time per level.
                   A        B        C        D        E       F      G
               +--------+--------+--------+--------+--------+-----+--------+
         Total |  14137 |  13674 |    463 |   1199 |  10735 |   9 | 1570.8 |
       Dungeon |  13877 |  13460 |    417 |   1199 |  10539 |   8 | 1734.6 |
        Temple |    260 |    215 |     45 |      0 |    196 |   1 |  260.0 |
               +--------+--------+--------+--------+--------+-----+--------+

Top non-repeatable levels by time:
     D:7: 2394 daAuts
     D:6: 2089 daAuts
     D:4: 2067 daAuts
     D:1: 1880 daAuts
     D:2: 1795 daAuts
     D:3: 1598 daAuts
     D:5: 1200 daAuts
     D:8: 850 daAuts
  Temple: 260 daAuts
